 Dungeon Crawl Stone Soup version 0.23-a0-321-g6bcb69f (webtiles) character file.

60306 suvakkihuora the Severer (level 14, -3/99 HPs)
             Began as a Tengu Berserker on Oct 15, 2018.
             Was a High Priest of Trog.
             Hit by a large rock thrown by a stone giant (13 damage)
             ... on level 5 of the Depths.
             The game lasted 00:43:34 (19071 turns).

suvakkihuora the Severer (Tengu Berserker)         Turns: 19071, Time: 00:43:34

Health: -3/99      AC: 20    Str: 21    XL:     14   Next: 98%
Magic:  15/15      EV: 10    Int: 14    God:    Trog [*****.]
Gold:   707        SH:  0    Dex: 15    Spells: 13/13 levels left

rFire    + . .     SeeInvis .   a - +7 executioner's axe (chop)
rCold    . . .     Gourm    .   (shield currently unavailable)
rNeg     . . .     Faith    +   t - +4 plate armour of Zeitinn {Int+2}
rPois    .         Spirit   .   (helmet restricted)
rElec    .         Reflect  .   (no cloak)
rCorr    .         Harm     .   U - +1 pair of gloves (curse)
MR       ++...                  (boots unavailable)
Stlth    ..........             L - amulet of faith
HPRegen  0.26/turn              Q - ring of protection from magic
MPRegen  0.14/turn              E - ring "Kax Qaus" {rF+ Int+4}

@: flying quickly and evasively, quick
A: beak, talons 3, able to fly 2
a: Stop Flying, Berserk, Trog's Hand, Brothers in Arms, Renounce Religion


You were on level 5 of the Depths.
You worshipped Trog.
Trog was extremely pleased with you.
You were hungry.

You visited 2 branches of the dungeon, and saw 20 of its levels.

You collected 833 gold pieces.
You spent 126 gold pieces at shops.

Inventory:

Hand Weapons
 a - a +7 executioner's axe of chopping (weapon)
 e - a +4 dire flail of venom
 I - a +2 battleaxe of flaming
Missiles
 j - 29 stones
 s - a throwing net
 G - 15 javelins (quivered)
Armour
 t - the +4 plate armour of Zeitinn (worn) {Int+2}
   (You took it off an orc on level 9 of the Dungeon)

   It affects your intelligence (+2).
 M - a +2 ring mail of magic resistance
 U - a cursed +1 pair of gloves (worn)
Jewellery
 q - a +3 ring of intelligence
 E - the ring "Kax Qaus" (right hand) {rF+ Int+4}
   (You found it on level 15 of the Dungeon)

   [ring of intelligence]

   It affects your intelligence (+4).
   It protects you from fire.
 J - an uncursed ring of poison resistance
 L - an amulet of faith (around neck)
 Q - a ring of protection from magic (left hand)
Wands
 k - a wand of acid (5)
 m - a wand of enslavement (41)
 u - a wand of paralysis (13)
 v - a wand of disintegration (5)
 w - a wand of polymorph (41)
Scrolls
 b - 5 scrolls of fog
 f - 2 scrolls of teleportation
 o - 9 scrolls of remove curse
 r - a scroll of identify
 y - 3 scrolls of immolation
 B - 2 scrolls of fear
 D - a scroll of enchant armour
Potions
 d - 3 potions of lignification
 g - 5 potions of curing
 h - 3 potions of resistance
 i - 4 potions of flight
 l - 2 potions of heal wounds
 n - a potion of invisibility
 p - 4 potions of ambrosia
 x - a potion of might
 A - a potion of cancellation
 C - 5 potions of magic
 H - 3 potions of haste
 T - a potion of mutation
Miscellaneous
 O - a lightning rod (4/4)
Comestibles
 c - 15 rations


   Skills:
 * Level 15.8 Fighting
 * Level 18.6 Axes
 - Level 9.6 Armour
 - Level 4.4 Dodging


You had 13 spell levels left.
You didn't know any spells.
Your spell library contained the following spells:

 Spells                   Type           Power        Failure   Level  Hunger
 Magic Dart               Conj           #...         99%         1    ##.....
 Blink                    Tloc           N/A          100%        2    ###....
 Call Imp                 Summ           #.......     100%        2    ###....
 Slow                     Hex            #.......     100%        2    ###....
 Conjure Flame            Conj/Fire      #.......     100%        3    ####...
 Mephitic Cloud           Conj/Pois/Air  #.......     100%        3    ####...


Dungeon Overview and Level Annotations

Branches:
Dungeon (15/15)            Temple (0/1) D:7            Lair (0/6) D:8
    Orc (0/2) D:11         Depths (5/5) D:15
 Vaults: D:13-14        Zot: Depths:5

Altars:
Cheibriados
Elyvilon
Gozag
Hepliaklqana
Kikubaaqudgha
Uskayaw
Vehumet
Wu Jian
Xom
The Shining One
Beogh
Lugonu

Shops:
D:5 *   D:8 }   D:12 *

Portals:
Trove: D:14 (give horn of Geryon)

Annotations:
D:8 2 transporters
D:15 exclusion: Roxanne, Roxanne
Depths:2 1 runed door


Innate Abilities, Weirdness & Mutations

You have a beak for a mouth.
You have claws for feet.
You can fly continuously.


Message History

You feel much better.
The stone giant throws a large rock.
The large rock hits you!!
* * * LOW HITPOINT WARNING * * *
A spriggan berserker comes into view. It is wielding a +0 hand axe.
A black draconian comes into view. It is wielding a +0 flail.
The titan hits you.
* * * LOW HITPOINT WARNING * * *
A red draconian scorcher comes into view.
It is wielding a +0 rapier.
The red draconian breathes flames at you.
The searing blast hits you! You resist.
* * * LOW HITPOINT WARNING * * *
The black draconian roars!
Unknown command.
Unknown command.
Unknown command.
You feel much better.
You are engulfed in blazing flames.
You resist.
* * * LOW HITPOINT WARNING * * *
You hear a shout!
The stone giant throws a large rock.
The large rock hits you!
You die...

###### ##....# ###
#.# .....#...##
#..## #...#....#
....###.......##
....##....@C....#
##...#...........#
#.................#
#.......dC.......##
#.............d##.#
#....$........d. .
#....i....i....C.
#.i..(.....q.d....
#.............


You could see a titan, a black draconian, a purple draconian, a red draconian, a
white draconian, a stone giant, a red draconian scorcher, an ettin, a spriggan
rider and a spriggan berserker.

Vanquished Creatures
  A juggernaut (D:15)
  Agnes (D:15)
  2 stone giants
  Azrael (D:12)
  Snorg (D:11)
  3 ettins
  2 rakshasas (Depths:1)
  2 fire dragons (D:15)
  Erolcha (D:12)
  2 hydras
  2 spriggan air magi (Depths:2)
  3 centaur warriors
  5 two-headed ogres
  2 deep troll shamans (Depths:1)
  2 tengu warriors (D:15)
  A deep troll earth mage (Depths:1)
  A vampire mage (Depths:2)
  2 deep trolls
  An unseen horror (D:10)
  2 glowing orange brains
  A flayed ghost (Depths:2)
  Pikel (D:5)
  A deep elf mage (D:15)
  A wolf spider (D:15)
  10 ugly things
  An orc knight (D:15)
  An orc sorcerer (D:15)
  3 cyclopes
  2 manticores (D:15)
  Joseph (D:7)
  2 gargoyles
  4 centaur skeletons
  A komodo dragon (D:12)
  4 yaktaurs
  A hellwing (D:12)
  A tengu conjurer (D:15)
  3 meliai (D:14)
  6 trolls
  A slime creature (shapeshifter) (D:15)
  8 slime creatures
  3 hippogriffs
  A spriggan (shapeshifter) (D:13)
  A shadow (D:12)
  A wyvern (shapeshifter) (D:15)
  A yak (shapeshifter) (Depths:1)
  2 fire elementals (D:12)
  A human (D:11)
  A wraith (D:15)
  12 yaks
  2 hogs (D:11)
  6 hungry ghosts
  Menkaure (D:5)
  Edmund (D:4)
  A soldier ant (D:13)
  A soldier ant (shapeshifter) (D:15)
  A warg (D:15)
  2 acid dragons
  2 water moccasins
  2 hell hounds (D:12)
  4 ice beasts
  3 sky beasts
  A hornet zombie (D:12)
  9 orc warriors
  An eye of draining (D:15)
  2 slaves (D:5)
  A boggart (Depths:2)
  8 ogres
  A necrophage (D:9)
  A phantom (D:6)
  The ghost of Zleub the Gusty, an amateur DrAE (D:3)
  20 centaurs
  2 crocodiles
  A big kobold (D:10)
  8 bullfrogs
  2 gnoll sergeants
  3 scorpions
  6 howler monkeys
  2 crimson imps
  A bullfrog zombie (D:5)
  3 centaur zombies
  A quasit (D:12)
  5 hounds
  17 orc priests
  2 jellies
  17 orc wizards
  6 iguanas
  An iron imp (D:12)
  7 worker ants
  2 hound skeletons (D:6)
  A worker ant zombie (D:5)
  7 gnolls
  20 adders
  A howler monkey skeleton (D:7)
  6 shadow imps
  A white imp (D:12)
  3 oozes
  4 worms
  4 dart slugs
  5 leopard geckos
  54 orcs
  4 bats
  6 giant cockroaches
  6 goblins
  12 hobgoblins
  9 jackals
  3 quokkas
  A ball python (D:2)
  A ball python skeleton (D:6)
  8 frilled lizards
  A jackal skeleton (D:4)
  10 kobolds
  A quokka skeleton (D:4)
  A quokka zombie (D:8)
  3 rats
442 creatures vanquished.

Vanquished Creatures (collateral kills)
  2 killer bees (D:13)
2 creatures vanquished.

Vanquished Creatures (others)
  A tengu conjurer (Depths:1)
  5 dream sheep (D:11)
  A vampire (D:12)
  2 killer bees (D:13)
  2 plants (D:7)
11 creatures vanquished.

Grand Total: 455 creatures vanquished

Notes
Turn   | Place    | Note
-------+----------+-------------------------------------------
     0 | D:1      | suvakkihuora the Tengu Berserker began the quest for the
                  | Orb.
     0 | D:1      | Reached XP level 1. HP: 14/14 MP: 2/2
    17 | D:1      | Reached XP level 2. HP: 13/19 MP: 3/3
   297 | D:1      | Reached XP level 3. HP: 21/23 MP: 4/4
   645 | D:2      | Reached skill level 4 in Axes
   783 | D:2      | Reached ** piety under Trog
   942 | D:2      | Reached XP level 4. HP: 28/28 MP: 5/5
  1413 | D:3      | Gained mutation: You can fly. [Tengu growth]
  1413 | D:3      | Reached XP level 5. HP: 32/32 MP: 6/6
  1505 | D:3      | Found a runed gate.
  1505 | D:3      | Found a runed gate.
  1505 | D:3      | Found a runed gate.
  1509 | D:3      | Noticed Zleub's ghost (amateur DrAE)
  1525 | D:3      | Killed Zleub's ghost
  1525 | D:3      | Reached skill level 5 in Axes
  1687 | D:3      | Found a white marble altar of Elyvilon.
  1789 | D:3      | Reached XP level 6. HP: 32/38 MP: 7/7
  2234 | D:4      | Reached *** piety under Trog
  2297 | D:4      | Noticed Edmund
  2313 | D:4      | Killed Edmund
  2313 | D:4      | Reached XP level 7. HP: 33/44 MP: 8/8
  2464 | D:4      | Reached skill level 6 in Axes
  2815 | D:5      | Entered Level 5 of the Dungeon
  2846 | D:5      | Found Piere's General Store.
  2851 | D:5      | Bought a scroll of immolation for 42 gold pieces
  2851 | D:5      | Bought a +0 quarterstaff for 48 gold pieces
  2854 | D:5      | Bought a scroll of remove curse for 36 gold pieces
  2894 | D:5      | Reached skill level 5 in Fighting
  2899 | D:5      | Reached XP level 8. HP: 41/49 MP: 9/9
  2914 | D:5      | Found an opulent altar of Gozag.
  2919 | D:5      | Found an ornate altar of the Wu Jian Council.
  2929 | D:5      | Reached skill level 5 in Armour
  2976 | D:5      | Got a jewelled hunting sling
  3062 | D:5      | Noticed Menkaure
  3069 | D:5      | Killed Menkaure
  3069 | D:5      | Reached skill level 7 in Axes
  3163 | D:5      | Found a snail-covered altar of Cheibriados.
  3388 | D:5      | Got an ichor-stained short sword
  3638 | D:5      | Noticed Pikel
  3644 | D:5      | Killed Pikel
  3644 | D:5      | Reached skill level 8 in Axes
  4000 | D:6      | Found a radiant altar of Vehumet.
  4042 | D:6      | Reached XP level 9. HP: 49/54 MP: 10/10
  4079 | D:6      | Found a hazy altar of Hepliaklqana.
  4080 | D:6      | Found a shimmering altar of Xom.
  4080 | D:6      | Noticed a caustic shrike
  4081 | D:6      | Noticed a spectral ugly thing
  4081 | D:6      | Noticed a caustic shrike
  4330 | D:6      | Found an ancient bone altar of Kikubaaqudgha.
  4381 | D:6      | Reached **** piety under Trog
  4404 | D:6      | Reached skill level 9 in Axes
  4656 | D:7      | Found a glowing golden altar of the Shining One.
  4893 | D:7      | Received a gift from Trog
  4959 | D:7      | Found a staircase to the Ecumenical Temple.
  5044 | D:7      | Noticed Joseph
  5062 | D:7      | Killed Joseph
  5113 | D:7      | Reached skill level 10 in Axes
  5311 | D:8      | Reached XP level 10. HP: 59/59 MP: 11/11
  5506 | D:8      | Reached skill level 11 in Axes
  5530 | D:8      | Reached ***** piety under Trog
  5800 | D:8      | Found Dugixt's Gadget Emporium.
  5833 | D:8      | Found a staircase to the Lair.
  5869 | D:8      | Noticed a brown ugly thing
  5870 | D:8      | Found a transporter.
  5872 | D:8      | Noticed a white ugly thing
  5873 | D:8      | Found a corrupted altar of Lugonu.
  5873 | D:8      | Noticed a green ugly thing
  5918 | D:8      | Received a gift from Trog
  5937 | D:8      | Identified the +8 short sword of Cruel Justice {protect,
                  | rC+ Str+3 Dex+3} (You found it on level 5 of the Dungeon)
  5938 | D:8      | Identified the +5 hunting sling of Reinforcement {venom,
                  | Str+3 Stlth+} (You found it on level 5 of the Dungeon)
  6027 | D:8      | Found a hide-covered altar of Uskayaw.
  6120 | D:8      | Found a transporter.
  6456 | D:9      | Found a transporter.
  6458 | D:9      | Found a transporter.
  6472 | D:9      | Found a roughly hewn altar of Beogh.
  6580 | D:9      | Got a scorched plate armour
  6817 | D:9      | Identified the +4 plate armour of Zeitinn {Int+2} (You took
                  | it off an orc on level 9 of the Dungeon)
  7075 | D:10     | Entered Level 10 of the Dungeon
  7184 | D:10     | Reached skill level 12 in Axes
  7369 | D:10     | Killed an unseen horror
  7573 | D:10     | Reached XP level 11. HP: 67/68 MP: 12/12
  7813 | D:11     | Noticed a two-headed ogre
  7824 | D:11     | Killed a two-headed ogre
  7826 | D:11     | Received a gift from Trog
  7923 | D:11     | Noticed Snorg
  7931 | D:11     | Killed Snorg
  7931 | D:11     | Reached skill level 13 in Axes
  8113 | D:11     | Noticed a two-headed ogre
  8138 | D:11     | Killed a two-headed ogre
  8223 | D:11     | Found a staircase to the Orcish Mines.
  8237 | D:11     | Found a roughly hewn altar of Beogh.
  8248 | D:11     | Reached skill level 10 in Fighting
  8551 | D:11     | Found a shimmering altar of Xom.
  8667 | D:12     | Noticed a cyan ugly thing
  8673 | D:12     | Killed a cyan ugly thing
  8680 | D:12     | Reached skill level 14 in Axes
  8688 | D:12     | Reached XP level 12. HP: 79/79 MP: 13/13
  9042 | D:12     | Noticed Erolcha
  9047 | D:12     | Killed Erolcha
  9064 | D:12     | Noticed Azrael
  9078 | D:12     | Killed Azrael
  9348 | D:12     | Received a gift from Trog
  9394 | D:12     | Found Vilypry's General Store.
  9909 | D:12     | Noticed a seven-headed hydra
  9914 | D:12     | Killed a six-headed hydra
 10034 | D:13     | Reached skill level 15 in Axes
 10341 | D:13     | Noticed a two-headed ogre
 10348 | D:13     | Killed a two-headed ogre
 10666 | D:13     | Noticed a centaur warrior
 10671 | D:13     | Killed a centaur warrior
 10903 | D:13     | Noticed a centaur warrior
 10917 | D:13     | Killed a centaur warrior
 10917 | D:13     | Reached XP level 13. HP: 36/87 MP: 14/14
 11627 | D:14     | Found a portal to a secret trove of treasure.
 11683 | D:14     | Received a gift from Trog
 11688 | D:14     | Reached skill level 16 in Axes
 12666 | D:15     | Entered Level 15 of the Dungeon
 13263 | D:15     | Identified Roxanne's Papyrus of the Rocks
 13263 | D:15     | Noticed Roxanne
 13267 | D:15     | Noticed Agnes
 13277 | D:15     | Killed Agnes
 13732 | D:15     | Reached skill level 17 in Axes
 14238 | D:15     | Reached ****** piety under Trog
 14241 | D:15     | Found a staircase to the Depths.
 14269 | D:15     | Found a runed door.
 14274 | D:15     | Noticed a fire dragon
 14282 | D:15     | Gained mutation: You can fly continuously. [Tengu growth]
 14282 | D:15     | Reached XP level 14. HP: 78/96 MP: 15/15
 14292 | D:15     | Received a gift from Trog
 14563 | D:15     | Got an ancient iron ring
 14565 | D:15     | Identified the ring "Kax Qaus" {rF+ Int+4} (You found it on
                  | level 15 of the Dungeon)
 14611 | Depths:1 | Entered Level 1 of the Depths
 14614 | Depths:1 | Noticed a stone giant
 14850 | D:15     | Killed a stone giant
 14984 | Depths:1 | Noticed a stone giant
 15454 | Depths:1 | Killed a stone giant
 15496 | D:15     | Reached skill level 15 in Fighting
 15947 | Depths:1 | Reached skill level 18 in Axes
 16269 | Depths:1 | Noticed a juggernaut
 16297 | D:15     | Killed a juggernaut
 16852 | Depths:3 | Noticed a fire giant
 17812 | Depths:3 | Noticed a stone giant
 18780 | Depths:2 | Found a runed door.
 19042 | Depths:4 | Noticed a tentacled monstrosity
 19045 | Depths:4 | Noticed a spriggan defender
 19065 | Depths:5 | Entered Level 5 of the Depths
 19065 | Depths:5 | Noticed a red draconian
 19066 | Depths:5 | Noticed a black draconian
 19066 | Depths:5 | Noticed a purple draconian
 19068 | Depths:5 | Noticed a red draconian scorcher
 19069 | Depths:5 | Noticed a red draconian
 19069 | Depths:5 | Noticed a white draconian
 19069 | Depths:5 | Noticed a titan
 19070 | Depths:5 | Noticed a stone giant
 19070 | Depths:5 | Noticed a black draconian
 19070 | Depths:5 | Noticed a red draconian scorcher
 19070 | Depths:5 | HP: 2/99 [red draconian/searing blast (16)]
 19071 | Depths:5 | Hit by a large rock thrown by a stone giant

Vault maps used:
D:1:      minmay_arrival_four_houses, hex_medium, grunt_decor_one_mirror
D:2:      moated_statue, minmay_tiny_reverse_x
D:3:      elyvilon_altar_1, ebering_ghost_rock_garden
D:4:      uniq_edmund
D:5:      kennysheep_mini, kennysheep_slug_shrine, nicolae_gozag_seed_capital,
          first_ration, serial_shops, kennysheep_little_box, uniq_pikel,
          uniq_menkaure
D:6:      regret_index_temple_of_mockery, kiku_gazebo_pond_becter,
          vehumet_crystals, minmay_misc_feat_more_columns, kennysheep_potato
D:7:      tso_altar, temple_hall, serial_shops, nicolae_shop_waterfront,
          serial_glass, glass_columns_a, glass_columns_c, glass_columns_a,
          glass_columns_b, glass_columns_a, glass_columns_b,
          serial_bayou_lagoon_a, uniq_joseph, uniq_crazy_yiuf_cottage
D:8:      gammafunk_corrupted_shrine, kennysheep_mini_moat, lair_entry_dummy,
          serial_shops, nicolae_shop_trees
D:9:      gammafunk_beogh_shrine
D:11:     minmay_orc_entry_temple_small, grunt_livestock,
          kb_xom_exploding_sheep, uniq_snorg
D:12:     kennysheep_demon_hangout, serial_shops, shop, uniq_erolcha,
          uniq_azrael
D:14:     grunt_vaults_entry_tiered, nicolae_wwwww, serial_shops,
          nicolae_shop_trees, trove_entry_hex_spiral
D:15:     gammafunk_enter_depths_forms, dk_noncrumbling_4, lightli_airlock,
          uniq_agnes, uniq_roxanne
Depths:1: hell_entry, serial_rivers, chequers_serial_rivers_micro_c,
          chequers_serial_rivers_small_b, chequers_serial_rivers_micro_b,
          chequers_serial_rivers_micro_b, chequers_serial_rivers_micro_e,
          chequers_serial_rivers_micro_a, mu_enter_wizlab_1,
          hangedman_abyss_or_decor_clamps, lemuel_flames_and_gold
Depths:2: minmay_the_grid_ultimate, hell_entry, pan_entry
Depths:3: due_chaos_kobolds, ziggurat_fallback, pan_entry, hell_entry,
          dk_noncrumbling_3, minmay_staircase_bubble
Depths:4: kennysheep_treasure_stockpile, abyss_entry_flame_altar,
          nemelex_xobeh_ov_fountains_minmay, hell_entry
Depths:5: grunt_zot_entry_alcove, nicolae_benzene_ring, abyss_entry, hell_entry,
          uniq_boris

Skill      XL: |  1  2  3  4  5  6  7  8  9 10 11 12 13 14 |
---------------+-------------------------------------------+-----
Axes           | 4 5 6 8 10 12 14 15 17 18 | 18.6
Dodging        | 3 4 |  4.4
Armour         | 3 4 7 9 |  9.6
Fighting       | 4 5 8 10 12 14 15 | 15.8

Action                   |  1- 3 |  4- 6 |  7- 9 | 10-12 | 13-15 || total
-------------------------+-------+-------+-------+-------+-------++-------
Melee: Hand axe          |    58 |    91 |       |       |       ||   149
       Kick              |    17 |    25 |    57 |   170 |   102 ||   371
       Peck              |    10 |     9 |    36 |    97 |    66 ||   218
       Dire flail        |       |       |   195 |   296 |       ||   491
       War axe           |       |       |       |    70 |       ||    70
       Battleaxe         |       |       |       |    76 |     5 ||    81
       Executioner's axe |       |       |       |    75 |   262 ||   337
Throw: Javelin           |       |       |       |       |     1 ||     1
Invok: Berserk           |     4 |     6 |     4 |    10 |    15 ||    39
       Trog's Hand       |       |     1 |       |     4 |     3 ||     8
 Abil: Fly               |       |     1 |       |       |     1 ||     2
Evoke: Wand              |       |       |       |     7 |     8 ||    15
       Lightning rod     |       |       |       |     1 |     1 ||     2
  Use: Scroll            |       |       |     4 |    13 |    11 ||    28
       Potion            |       |       |       |     6 |     4 ||    10
 Stab: Sleeping          |       |     2 |       |       |       ||     2
       Paralysed         |       |       |       |       |     6 ||     6
  Eat: Chunk             |     3 |     8 |    12 |    28 |    13 ||    64
       Ration            |       |     1 |     1 |     3 |     8 ||    13
Armor: Animal skin       |     2 |       |       |       |       ||     2
       Leather armour    |     4 |     9 |       |       |       ||    13
       Plate armour      |       |       |   117 |   363 |   161 ||   641
       Ring mail         |       |       |       |     6 |       ||     6
       Skin              |       |       |       |     6 |       ||     6
Dodge: Dodged            |    38 |    49 |    65 |   207 |   147 ||   506

Table legend:
 A = Non-vault XP
 B = Vault XP
 C = Vault XP percentage of total XP
 D = Non-vault monster count
 E = Vault monster count
 F = Vault count percentage of total count
                 A         B        C        D         E       F
            +---------+---------+-------+---------+---------+-------
      Total |   63935 |   22217 |  25.8 |     375 |      69 |  15.5
            +---------+---------+-------+---------+---------+-------
        D:1 |      47 |       0 |   0.0 |      18 |       0 |   0.0
        D:2 |      54 |      18 |  25.0 |      19 |       2 |   9.5
        D:3 |     135 |     112 |  45.3 |      23 |       1 |   4.2
        D:4 |     526 |     171 |  24.5 |      15 |       1 |   6.2
        D:5 |     460 |     783 |  63.0 |      21 |       3 |  12.5
        D:6 |     467 |      34 |   6.8 |      12 |       1 |   7.7
        D:7 |    1291 |     471 |  26.7 |      25 |       1 |   3.8
        D:8 |    1751 |       0 |   0.0 |      38 |       0 |   0.0
        D:9 |     876 |     534 |  37.9 |      17 |      14 |  45.2
       D:10 |    1694 |       0 |   0.0 |      27 |       0 |   0.0
       D:11 |    4561 |    2440 |  34.9 |      33 |      14 |  29.8
       D:12 |    6192 |    3483 |  36.0 |      31 |       9 |  22.5
       D:13 |    8219 |       0 |   0.0 |      38 |       0 |   0.0
       D:14 |    5066 |       0 |   0.0 |      13 |       0 |   0.0
       D:15 |   21310 |   10989 |  34.0 |      30 |      19 |  38.8
   Depths:1 |    8118 |       0 |   0.0 |      11 |       0 |   0.0
   Depths:2 |    3168 |    3182 |  50.1 |       4 |       4 |  50.0
            +---------+---------+-------+---------+---------+-------
